 Dungeon Crawl Stone Soup version 0.31-a0-675-g238779eb0a (webtiles) character file.

Game seed: 12579891579080871515

41878 Revguard the Blocker (level 13, -36/104 HPs)
             Began as a Demonspawn Fighter on Sept 5, 2023.
             Was a High Priest of Okawaru.
             Annihilated by Rupert
             ... wielding a +1 heavy great mace
              (58 damage)
             ... on level 15 of the Dungeon.
             The game lasted 00:55:49 (14715 turns).

Revguard the Blocker (Demonspawn Fighter)          Turns: 14715, Time: 00:55:50

Health: -36/104    AC: 24    Str: 25    XL:     13   Next: 82%
Magic:  19/21      EV: 13    Int: 10    God:    Okawaru [*****.]
Gold:   291        SH: 16    Dex: 12    Spells: 12/12 levels left

rFire   + + .        a - +2 war axe (spect)
rCold   + . .        C - +0 buckler "Bolehili" {-Cast rPois Str+3}
rNeg    + . .        h - +7 chain mail {rC+}
rPois   +            (helmet restricted)
rElec   .            g - scarf {rC+ rF+}
rCorr   .            I - +1 pair of gloves
SInv    .            G - +1 pair of boots of the Eternal Void {rN+}
Will    .....        J - amulet of regeneration Stlth
                     E - ring of Rituida {Fire Slay+2}
HPRegen 1.17/turn    (no ring)
MPRegen 0.17/turn

%: no spellcasting
@: heroic, studying Fighting, invisible
A: antennae 2, large bone plates 3, powered by death 3, poison resistance
a: Renounce Religion, Heroism, Finesse, Duel


You were on level 15 of the Dungeon.
You worshipped Okawaru.
Okawaru was extremely pleased with you.
You visited 2 branches of the dungeon, and saw 16 of its levels.
You also visited: Ossuary.

You collected 1233 gold pieces.
You spent 942 gold pieces at shops.

Inventory:

Hand Weapons
 a - a +2 spectral war axe (weapon)
Missiles
 r - 3 throwing nets
Armour
 g - a scarf of resistance (worn)
 h - a +7 chain mail of cold resistance (worn)
 C - the +0 buckler "Bolehili" (worn) {-Cast rPois Str+3}
   (You found it on level 6 of the Dungeon)

   Str+3:     It affects your strength (+3).
   rPois:     It protects you from poison -Cast: It prevents spellcasting.
 G - the +1 pair of boots of the Eternal Void (worn) {rN+}
   (Okawaru gifted it to you on level 14 of the Dungeon)

   rN+:       It protects you from negative energy.
 I - a +1 pair of gloves (worn)
 L - +0 acid dragon scales
 M - a +2 cloak of poison resistance
 Q - a +0 chain mail of positive energy
Jewellery
 j - a ring of wizardry
 m - an amulet of faith
 s - a ring of fire
 t - a ring of wizardry
 E - the ring of Rituida (left hand) {Fire Slay+2}
   (You found it on level 12 of the Dungeon)

   [ring of fire]

   Fire:      It enhances your fire magic.
   Slay+2:    It affects your accuracy & damage with ranged weapons and melee
   (+2).
   rF+:       It protects you from fire.
   rC-:       It makes you vulnerable to cold.
 J - an amulet of regeneration (around neck)
 N - a ring of positive energy
Wands
 c - a wand of polymorph (2)
 i - a wand of flame (15) (quivered)
 x - a wand of charming (12)
Scrolls
 b - 2 scrolls of vulnerability
 e - 2 scrolls of poison
 k - 3 scrolls of immolation
 v - 6 scrolls of teleportation
 y - a scroll of torment
 z - 4 scrolls of revelation
 B - 2 scrolls of identify
 K - a scroll of amnesia
Potions
 d - a potion of might
 f - 5 potions of lignification
 n - 4 potions of ambrosia
 o - a potion of brilliance
 p - a potion of attraction
 w - 2 potions of haste
 A - 4 potions of curing
 D - a potion of mutation
 F - a potion of berserk rage
 H - a potion of magic


   Skills:
 + Level 10.4(15.4) Fighting
 * Level 10.8(15.8) Axes
 + Level 8.1(13.1) Armour
 + Level 7.3(12.3) Dodging
 * Level 11.1(16.1) Shields
 + Level 10.7 Invocations
 + Level 8.0 Evocations


You had 12 spell levels left.
You didn't know any spells.
Your spell library contained the following spells:

 Spells                   Type           Power      Damage    Failure   Level
 Shock                    Conj/Air       0%         1d3       83%         1
 Sting                    Tmut/Pois      0%         1d3       83%         1
 Poisonous Vapours        Pois/Air       0%         N/A       92%         2
 Inner Flame              Hex/Fire       0%         N/A       99%         3
 Swiftness                Air            0%         N/A       99%         3
 Airstrike                Air            0%         2d(0-16)  100%        4
 Olgreb's Toxic Radiance  Pois           0%         N/A       100%        4
 Yara's Violent Unravell  Hex/Tmut       0%         3d3       100%        5
 Enfeeble                 Hex            0%         N/A       100%        7


Dungeon Overview and Level Annotations

Branches:
Dungeon (15/15)            Temple (1/1) D:7            Lair (0/5) D:11
    Orc (0/2) D:12         Vaults (0/5) D:13        Ossuary (visited)
 Depths: D:15

Altars:
Ashenzari
Cheibriados
Dithmenos
Fedhas
Gozag
Hepliaklqana
Kikubaaqudgha
Makhleb
Nemelex Xobeh
Okawaru
Qazlal
Ru
Sif Muna
Trog
Uskayaw
Vehumet
Wu Jian
Xom
Yredelemnul

Shops:
D:1 ?:*   D:4 (?[   D:5 ?   D:12 [([

Annotations:
D:15 Rupert


Innate Abilities, Weirdness & Mutations

You have a pair of antennae on your head.
You are completely covered in large bone plates. (SH +8)
You regenerate a lot of health from kills.
Your system is resistant to poisons. (rPois)


Message History

Blink to where?
Press: ? - help, Dir - move target, p - Rupert
As you read the scroll of blinking, it crumbles to dust.
Your +2 spectral war axe disappears.
Aiming: Throw Flame
Press: ? - help, Q - select action, (/) - cycle Shift-Dir - straight line, f - Rupert
Aim: Rupert, wielding a +1 heavy great mace and wearing a +3 ring mail of willpower (translocational energy, heavily wounded, berserk, 79% to hit)
The puff of flame hits Rupert!
Rupert is heavily wounded.
Aiming: Throw Flame
Press: ? - help, Q - select action, (/) - cycle Shift-Dir - straight line, f/p - Rupert
Aim: Rupert, wielding a +1 heavy great mace and wearing a +3 ring mail of willpower (heavily wounded, berserk, 79% to hit)
The puff of flame hits Rupert.
Rupert is severely wounded.
You climb upwards.
There is a stone staircase leading down here.
You start resting.
Your hands slow down.
You start resting.
You feel like a meek peon again.
You climb downwards.
Level annotation: Rupert Rupert hits you with a +1 heavy great mace!!
There is a stone staircase leading up, spattered with blood here.
You gain the combat prowess of a mighty hero.
Rupert roars madly and goes into a rage!
Rupert goes berserk!
You hit Rupert but do no damage.
Rupert is heavily wounded.
Your +2 spectral war axe hits Rupert.
Rupert hits you with a +1 heavy great mace!!!
* * * LOW HITPOINT WARNING * * *
Unknown command.
Okay, then.
You fade into invisibility!
Your +2 spectral war axe disappears.
Rupert hits you with a +1 heavy great mace!!!
Ouch! That really hurt!
You die...
Rupert roars with triumph.

#.# #.# ##.# ####
##..# ...##
##...# ...#
##...## #..##
#....# #...######
#...##
##...##..@##
#...#
#.........@#
#...#
#...##......##
#...# #...#
##......# ##...#
.....# #......##
##...## ...$.
#.......####....#
....
##.........(...##
###
#.#####..<....#
### ######.##


You could see Rupert (berserk, unable to see you).

Vanquished Creatures
  Kirke (D:12)
  Nessos (D:14)
  The ghost of esser2137 the Zephyrmancer, a journeyman OgAE of Ashenzari (D:12)
  A fire dragon (D:14)
  An ogre mage (D:13)
  Erolcha (D:11)
  An anaconda (shapeshifter) (D:14)
  5 two-headed ogres
  A catoblepas (D:14)
  4 centaur warriors
  4 boulder beetles
  A tengu warrior (D:14)
  A soul eater (D:13)
  A skeletal warrior (D:13)
  3 deep elf pyromancers
  An orc knight (D:12)
  Pikel (D:9)
  6 ugly things (D:14)
  3 cyclopes (D:13)
  Maurice (D:9)
  3 manticores
  2 rust devils (D:13)
  An orange demon (D:13)
  4 centaur skeletons (D:13)
  2 gargoyles
  4 rime drakes (D:12)
  An efreet (D:14)
  A komodo dragon (D:10)
  A freezing wraith (D:14)
  4 trolls
  A hellwing (D:13)
  4 ice devils
  2 red devils (D:13)
  Prince Ribbit (D:6)
  Sigmund (D:6)
  9 slime creatures (D:12)
  2 water elementals (D:12)
  3 wraiths
  3 shadows
  8 centaur simulacra (D:12)
  2 ynoxinuls (D:13)
  6 yaks (D:10)
  3 vampires
  2 basilisks
  A hog (D:12)
  A steam dragon (D:9)
  2 chaos spawn (D:13)
  2 humans (D:12)
  5 acid dragons
  9 vampire mosquitoes
  Duvessa (D:6)
  5 water moccasins
  A black bear (D:5)
  4 orc warriors
  2 sky beasts
  3 ice beasts
  3 ogres
  11 centaurs
  A phantom (D:5)
  5 kobold brigands
  An elf zombie (Ossuary)
  2 gnoll sergeants
  2 bullfrogs
  4 scorpions
  2 wights
  2 water moccasin zombies (D:7)
  Dowan (D:6)
  2 killer bees
  A howler monkey (D:10)
  An electric eel (D:12)
  3 jellies
  3 centaur zombies (Ossuary)
  2 human zombies (Ossuary)
  8 orc priests
  A hound (D:4)
  A sleepcap (D:7)
  3 iguanas
  8 orc wizards
  2 killer bee zombies (D:7)
  A boggart simulacrum (D:12)
  2 mummies (Ossuary)
  5 gnolls
  10 adders
  A white imp (D:5)
  2 ufetubi
  3 adder zombies (Ossuary)
  A worm (D:3)
  3 dart slugs
  28 orcs
  5 ball pythons
  7 bats
  8 endoplasms
  A giant cockroach (D:2)
  6 hobgoblins
  4 jackals (D:2)
  7 quokkas
  4 frilled lizards
  7 goblins
  A goblin zombie (Ossuary)
  15 hobgoblin zombies (Ossuary)
  A jackal zombie (Ossuary)
  18 kobolds
  3 kobold zombies (Ossuary)
  7 orc zombies (Ossuary)
  7 rats
  A rat zombie (Ossuary)
372 creatures vanquished.

Vanquished Creatures (others)
  2 killer bees (D:6)
  An orc (D:6)
  11 spectral weapons
14 creatures vanquished.

Grand Total: 386 creatures vanquished

Notes
Turn   | Place    | Note
-------+----------+-------------------------------------------
     0 | D:1      | Revguard the Demonspawn Fighter began the quest for the
                  | Orb.
     0 | D:1      | Reached XP level 1. HP: 18/18 MP: 1/1
    99 | D:1      | Gained mutation: You are partially covered in large bone
                  | plates. (SH +4) [demonic ancestry]
    99 | D:1      | Reached XP level 2. HP: 21/24 MP: 2/2
   215 | D:1      | Reached skill level 3 in Shields
   289 | D:1      | Reached skill level 1 in Invocations
   381 | D:1      | Found Xeiwuch's General Store.
   717 | D:1      | Found Cacuh's Magic Scroll Shoppe.
   722 | D:1      | Gained mutation: You regenerate a little health from kills.
                  | [demonic ancestry]
   722 | D:1      | Reached XP level 3. HP: 29/29 MP: 3/3
   741 | D:1      | Bought a scroll of identify for 28 gold pieces
   752 | D:1      | Found Oveuwk's Book Boutique.
  1139 | D:2      | Found Ziawy's Antique Armour Boutique.
  1428 | D:2      | Reached XP level 4. HP: 28/35 MP: 5/5
  2615 | D:3      | Reached skill level 1 in Dodging
  2615 | D:3      | Reached skill level 1 in Evocations
  2720 | D:3      | Gained mutation: You regenerate health from kills. [demonic
                  | ancestry]
  2720 | D:3      | Reached XP level 5. HP: 41/41 MP: 6/6
  3129 | D:4      | Found Lilammu's Magic Scroll Shoppe.
  3130 | D:4      | Found Kotoryef's Weapon Shoppe.
  3131 | D:4      | Found Lumoddi's Antique Armour Shoppe.
  3214 | D:4      | Bought a scroll of enchant weapon for 105 gold pieces
  3214 | D:4      | Bought a scroll of brand weapon for 133 gold pieces
  3424 | D:4      | Gained mutation: You regenerate a lot of health from kills.
                  | [demonic ancestry]
  3424 | D:4      | Reached XP level 6. HP: 47/47 MP: 7/7
  3456 | D:5      | Entered Level 5 of the Dungeon
  3523 | D:5      | Reached skill level 4 in Shields
  3962 | D:5      | Noticed an ice beast
  3970 | D:5      | Killed an ice beast
  3971 | D:5      | Gained mutation: You are mostly covered in large bone
                  | plates. (SH +6) [demonic ancestry]
  3971 | D:5      | Reached XP level 7. HP: 53/53 MP: 9/9
  3977 | D:5      | Found The Oracle's Delphic Readings.
  4658 | D:6      | Noticed Dowan
  4659 | D:6      | Noticed Duvessa
  4741 | D:6      | Killed Duvessa
  4758 | D:6      | Killed Dowan
  4759 | D:6      | Reached XP level 8. HP: 32/60 MP: 11/11
  4914 | D:6      | Noticed Sigmund
  4921 | D:6      | Killed Sigmund
  4922 | D:6      | Reached skill level 5 in Shields
  4956 | D:6      | Noticed Prince Ribbit
  4981 | D:6      | Killed Prince Ribbit
  5258 | D:6      | Identified the +0 buckler "Bolehili" {-Cast rPois Str+3}
  5587 | D:7      | Found a staircase to the Ecumenical Temple.
  5594 | Temple   | Entered the Ecumenical Temple
  5645 | D:7      | Reached skill level 5 in Axes
  5670 | D:7      | Found a stormy altar of Qazlal.
  5799 | D:7      | Reached skill level 5 in Invocations
  5896 | D:7      | Found an iron altar of Okawaru.
  5917 | D:7      | Gained mutation: You have a pair of small antennae on your
                  | head. [demonic ancestry]
  5917 | D:7      | Reached XP level 9. HP: 61/67 MP: 12/12
  5919 | D:7      | Became a worshipper of Warmaster Okawaru
  6113 | D:7      | Reached skill level 5 in Fighting
  6227 | D:7      | Reached skill level 6 in Shields
  6695 | D:8      | Found a shimmering altar of Xom.
  6695 | D:8      | Found a hide-covered altar of Uskayaw.
  6816 | D:8      | Reached * piety under Okawaru
  7095 | D:8      | Identified the +2 robe "Yrhail" {rF+ Int+6 Slay-4 Stlth-}
  7184 | D:8      | Found a sand-covered staircase.
  7194 | Ossuary  | Entered an ossuary
  7393 | Ossuary  | Reached skill level 5 in Armour
  7534 | D:9      | Noticed Pikel
  7557 | D:9      | Killed Pikel
  7557 | D:9      | Reached ** piety under Okawaru
  7756 | D:9      | Found a transporter.
  7800 | D:9      | Noticed Maurice
  7801 | D:9      | Noticed a troll
  7805 | D:9      | Killed Maurice
  7806 | D:9      | Reached skill level 7 in Shields
  7806 | D:9      | Reached XP level 10. HP: 63/76 MP: 14/14
  8219 | D:9      | Found a transporter.
  8317 | D:9      | Identified the +0 ring mail of Lumiarch {rPois}
  8736 | D:9      | Gained mutation: You are robust. (+10% HP) [potion of
                  | mutation]
  8736 | D:9      | Gained mutation: You passively dampen the noise of your
                  | surroundings. [potion of mutation]
  8737 | D:9      | Lost mutation: You passively dampen the noise of your
                  | surroundings. [potion of mutation]
  8737 | D:9      | Lost mutation: You are robust. (+10% HP) [potion of
                  | mutation]
  8737 | D:9      | Gained mutation: Your body sometimes deteriorates upon
                  | taking damage. [potion of mutation]
  8738 | D:9      | Lost mutation: Your body sometimes deteriorates upon taking
                  | damage. [potion of mutation]
  8738 | D:9      | Gained mutation: You are frail. (-10% HP) [potion of
                  | mutation]
  8738 | D:9      | Gained mutation: You have large cloven feet. [potion of
                  | mutation]
  8739 | D:9      | Lost mutation: You are frail. (-10% HP) [potion of
                  | mutation]
  8739 | D:9      | Lost mutation: You have large cloven feet. [potion of
                  | mutation]
  8739 | D:9      | Gained mutation: You are completely covered in large bone
                  | plates. (SH +8) [potion of mutation]
  8739 | D:9      | Gained mutation: Your spells are a little harder to cast,
                  | but a little more powerful. [potion of mutation]
  8740 | D:9      | Lost mutation: Your spells are a little harder to cast, but
                  | a little more powerful. [potion of mutation]
  8740 | D:9      | Lost mutation: You are completely covered in large bone
                  | plates. (SH +8) [potion of mutation]
  8740 | D:9      | Gained mutation: Your system is resistant to poisons.
                  | (rPois) [potion of mutation]
  8808 | D:10     | Entered Level 10 of the Dungeon
  9307 | D:10     | Reached *** piety under Okawaru
  9313 | D:10     | Reached skill level 5 in Evocations
  9445 | D:10     | Noticed a centaur warrior
  9445 | D:10     | Noticed a two-headed ogre
  9451 | D:10     | Killed a centaur warrior
  9451 | D:10     | Reached **** piety under Okawaru
  9454 | D:10     | Killed a two-headed ogre
  9455 | D:10     | Reached skill level 5 in Dodging
  9455 | D:10     | Reached skill level 8 in Shields
  9455 | D:10     | Gained mutation: You have a pair of antennae on your head.
                  | [demonic ancestry]
  9455 | D:10     | Reached XP level 11. HP: 78/83 MP: 16/16
  9910 | D:11     | Reached ***** piety under Okawaru
  9910 | D:11     | Received a gift from Okawaru
 10005 | D:11     | Noticed Erolcha
 10015 | D:11     | Killed Erolcha
 10216 | D:11     | Found a staircase to the Lair.
 10616 | D:12     | Found Fiarelue's Armour Boutique.
 10743 | D:12     | Identified the +1 battleaxe "Eviscerator" {elec, *Rage Fly
                  | Int-3 Dex+5} (Okawaru gifted it to you on level 12 of the
                  | Dungeon)
 10743 | D:12     | Received a gift from Okawaru
 10863 | D:12     | Noticed a two-headed ogre
 10869 | D:12     | Killed a two-headed ogre
 10901 | D:12     | Found a runed translucent gate.
 10901 | D:12     | Found a runed translucent gate.
 10901 | D:12     | Found a runed translucent gate.
 10920 | D:12     | Noticed Kirke
 10930 | D:12     | Noticed a sphinx
 10933 | D:12     | Killed Kirke
 10934 | D:12     | Reached skill level 9 in Shields
 11109 | D:12     | Found Nuxe's Armour Emporium.
 11111 | D:12     | Found a staircase to the Orcish Mines.
 11117 | D:12     | Found Bohisod's Weapon Emporium.
 11373 | D:1      | Bought a scroll of acquirement for 676 gold pieces
 11375 | D:1      | Acquired a manual of Fighting
 11717 | D:12     | Noticed esser2137's ghost (journeyman OgAE)
 11734 | D:12     | Identified the +1 hat of Burning Happiness {Int+3 Dex-2
                  | Slay+2} (Okawaru gifted it to you on level 12 of the
                  | Dungeon)
 11734 | D:12     | Received a gift from Okawaru
 11735 | D:12     | Gained mutation: You are completely covered in large bone
                  | plates. (SH +8) [demonic ancestry]
 11735 | D:12     | Reached XP level 12. HP: 91/91 MP: 18/18
 12229 | D:12     | Killed esser2137's ghost
 12284 | D:12     | Got the ring of Rituida {Fire Slay+2}
 12406 | D:13     | Noticed a two-headed ogre
 12407 | D:13     | Noticed an ogre mage
 12571 | D:13     | Killed a two-headed ogre
 12574 | D:13     | Paralysed by an ogre mage for 5 turns
 12582 | D:13     | Killed an ogre mage
 12632 | D:13     | Noticed a two-headed ogre
 12632 | D:13     | Noticed a centaur warrior
 12646 | D:13     | Killed a two-headed ogre
 12648 | D:13     | Killed a centaur warrior
 12649 | D:13     | Reached skill level 10 in Shields
 12758 | D:13     | Found a gate to the Vaults.
 12826 | D:13     | Identified the +4 chain mail of Honesty {Contam rElec rPois
                  | Str+2} (Okawaru gifted it to you on level 13 of the
                  | Dungeon)
 12826 | D:13     | Received a gift from Okawaru
 13042 | D:13     | Noticed a boulder beetle
 13057 | D:13     | Killed a boulder beetle
 13060 | D:13     | HP: 3/95 [cyclops (23)]
 13157 | D:13     | Noticed a boulder beetle
 13160 | D:13     | Noticed a boulder beetle
 13191 | D:13     | Killed a boulder beetle
 13192 | D:13     | Reached XP level 13. HP: 72/101 MP: 20/20
 13357 | D:13     | Reached skill level 10 in Axes
 13444 | D:13     | Reached skill level 10 in Invocations
 13984 | D:14     | Reached skill level 10 in Fighting
 13988 | D:14     | Identified the +1 pair of boots of the Eternal Void {rN+}
                  | (Okawaru gifted it to you on level 14 of the Dungeon)
 13988 | D:14     | Received a gift from Okawaru
 14122 | D:14     | Noticed Nessos
 14151 | D:14     | Killed Nessos
 14233 | D:14     | Reached skill level 11 in Shields
 14239 | D:14     | Noticed a fire dragon
 14269 | D:14     | Killed a fire dragon
 14603 | D:15     | Entered Level 15 of the Dungeon
 14653 | D:15     | Noticed Rupert
 14715 | D:15     | Annihilated by Rupert

Illustrated notes

Levels and vault maps discovered:
D:1:      dpeg_arrival_connections, layout_basic, serial_shops,
          nicolae_shop_trees, shop, shop, minmay_strange_pillars
D:2:      layout_basic, serial_shops, nicolae_shop_tiny_waterfront,
          cheibrodos_gnoll_hut
D:3:      minmay_razor_zed, layout_basic
D:4:      corexii_shack_village, layout_rooms, serial_glass, glass_columns_b,
          glass_columns_b, glass_columns_a, glass_columns_a,
          nicolae_shop_distant_corner_stores
D:5:      layout_basic, corexii_leaking_fountain, nicolae_nh_oracle_at_delphi
D:6:      layout_basic, uniq_prince_ribbit1, uniq_sigmund, uniq_duvessa
D:7:      layout_basic, mainiacjoe_overflow_small_starburst,
          mainiacjoe_overflow_catwalk, minmay_temple_entry_arrows,
          serial_undead, serial_undead_c, serial_undead_e, serial_undead_c,
          serial_undead_f
D:8:      layout_basic, chequers_temple_overflow_statue_of_worship,
          nicolae_ossuary_entry_ruins, hex_medium, st_stairs_7,
          wad_floor_pattern_untrapped
D:9:      gammafunk_cloud_chamber, layout_basic, uniq_maurice, uniq_pikel
D:10:     layout_loops_ring, minmay_joined_circles
D:11:     layout_basic, dpeg_oklobed_lair, uniq_erolcha
D:12:     layout_basic, orc_david_3, serial_shops, shop, gammafunk_ghost_icy,
          uniq_kirke
D:13:     layout_loops_corners, hangedman_vaults_entry_quadrant_bands,
          serial_demonic, serial_demonic_d, serial_demonic_a, serial_demonic_c,
          serial_demonic_a
D:14:     layout_rooms, uniq_nessos
D:15:     grunt_enter_depths_snipers, layout_layer_cave, uniq_rupert
Temple:   nicolae_temple_bog_church

Skill      XL: |  1  2  3  4  5  6  7  8  9 10 11 12 13 |
---------------+----------------------------------------+-----
Axes           | 2 3 4 5 6 7 8 9 10 | 10.8
Shields        | 3 4 5 7 8 9 10 11 | 11.1
Invocations    | 1 2 3 4 5 6 7 8 9 10 | 10.7
Armour         | 3 4 5 6 7 8 |  8.1
Dodging        | 1 2 3 4 5 6 7 |  7.3
Evocations     | 1 2 3 4 5 6 7 8 |  8.0
Fighting       | 4 5 6 7 9 10 | 10.4

Action                     |  1- 3 |  4- 6 |  7- 9 | 10-12 | 13-15 || total
---------------------------+-------+-------+-------+-------+-------++-------
  Melee: War axe           |   130 |   144 |   331 |   498 |   231 ||  1334
 Invoke: Heroism           |       |       |       |     5 |     4 ||     9
         Finesse           |       |       |       |     2 |     3 ||     5
  Evoke: Wand              |       |       |     8 |    32 |    15 ||    55
    Use: Scroll            |     1 |    13 |     6 |     7 |     3 ||    30
         Potion            |       |     2 |     3 |     9 |     3 ||    17
   Stab: Distracted        |       |       |     2 |     6 |       ||     8
         Petrified         |       |       |       |       |     1 ||     1
 Armour: Scale mail        |    87 |    81 |       |       |       ||   168
         Chain mail        |       |    28 |   226 |   312 |   173 ||   739
  Dodge: Dodged            |    66 |    58 |   111 |   148 |    81 ||   464
  Block: Buckler           |    63 |    72 |   186 |   284 |   168 ||   773

Table legend: (Time is in decaauts)
 A = Elapsed time spent in this place.
 B = Non-inter-level travel time spent in this place.
 C = Inter-level travel time spent in this place.
 D = Time resting spent in this place.
 E = Time spent auto-exploring this place.
 F = Levels seen in this place.
 G = Mean time per level.
                   A        B        C        D        E       F      G
               +--------+--------+--------+--------+--------+-----+--------+
         Total |  14942 |  13809 |   1133 |    815 |   9364 |  17 |  878.9 |
       Dungeon |  14633 |  13500 |   1133 |    815 |   9309 |  15 |  975.5 |
        Temple |     40 |     40 |      0 |      0 |      0 |   1 |   40.0 |
       Ossuary |    268 |    268 |      0 |      0 |     55 |   1 |  268.0 |
               +--------+--------+--------+--------+--------+-----+--------+

Top non-repeatable levels by time:
    D:13: 1491 daAuts
    D:12: 1395 daAuts
     D:9: 1365 daAuts
    D:10: 1108 daAuts
     D:3: 1093 daAuts
     D:2: 1089 daAuts
     D:6: 1086 daAuts
     D:5: 1032 daAuts
     D:7: 1021 daAuts
     D:1: 941 daAuts
     D:8: 778 daAuts
    D:14: 741 daAuts
    D:11: 740 daAuts
     D:4: 681 daAuts
 Ossuary: 268 daAuts
